 Dungeon Crawl Stone Soup version 0.31-a0-1074-g0b22e4e0f1 (webtiles) character file.

Game seed: 1175483427522937557

757 grandjackal the Trooper (level 7, -2/75 HPs)
             Began as an Ogre Warper on Nov 29, 2023.
             Slain by a troll (3 damage)
             ... on level 5 of the Dungeon.
             The game lasted 00:06:26 (3744 turns).

grandjackal the Trooper (Ogre Warper)               Turns: 3744, Time: 00:06:28

Health: -2/75      AC:  8    Str: 14 (16) XL:     7   Next: 79%
Magic:  11/14      EV:  9    Int: 15 (16) God:
Gold:   181        SH:  0    Dex:  5 (8)  Spells: 10/16 levels left

rFire   + . .        p - +2 flail (heavy)
rCold   + + .        (no shield)
rNeg    . . .        m - +2 robe {rC+}
rPois   +            (helmet restricted)
rElec   +            s - +2 cloak
rCorr   +            (gloves unavailable)
SInv    +            (boots unavailable)
Will    +....        l - amulet of regeneration
Stlth   +            z - ring of see invisible
HPRegen 1.12/turn    (no ring)
MPRegen 0.14/turn

%: no passive effects
@: resistant, on blink cooldown, enlightened, flying
A: large, unfitting armour, tough skin 1
a: no special abilities


You were on level 5 of the Dungeon.
You visited 1 branch of the dungeon, and saw 5 of its levels.

You collected 181 gold pieces.

Inventory:

Hand Weapons
 a - a +0 mace
 p - a +2 heavy flail (weapon)
Missiles
 d - 7 darts of dispersal (quivered)
Armour
 m - a +2 robe of cold resistance (worn)
 s - a +2 cloak (worn)
Jewellery
 l - an amulet of regeneration (around neck)
 z - a ring of see invisible (left hand)
Wands
 t - a wand of flame (17)
Scrolls
 c - a scroll of blinking
 e - 6 scrolls of identify
 g - 2 scrolls of torment {unknown}
 h - a scroll of vulnerability {unknown}
 i - 2 scrolls of immolation {unknown}
 j - a scroll of fog {unknown}
 q - a scroll of butterflies {unknown}
 v - a scroll of teleportation {unknown}
 w - a scroll of revelation {unknown}
 x - a scroll of noise {unknown}
 y - a scroll of enchant weapon {unknown}
Potions
 b - a potion of attraction
 k - a potion of might {unknown}
 n - a potion of ambrosia {unknown}


   Skills:
 + Level 6.1 Fighting
 + Level 4.1 Maces & Flails
 - Level 1.0 Throwing
 - Level 2.1 Dodging
 + Level 5.1 Spellcasting
 + Level 4.6 Translocations


You had 10 spell levels left.
You knew the following spells:

 Your Spells              Type           Power      Damage    Failure   Level
a - Blink                 Tloc           34%        N/A       3%          2
b - Manifold Assault      Tloc           17%        N/A       24%         4

Your spell library contained the following spells:

 Spells                   Type           Power      Damage    Failure   Level
 Lesser Beckoning         Tloc           34%        N/A       3%          2
 Teleport Other           Tloc           17%        N/A       7%          3
 Wereblood                Tmut           3%         N/A       24%         2
 Vhi's Electric Charge    Tloc/Air       20%        N/A       52%         4
 Brom's Barrelling Bould  Conj/Erth      3%         2d3       85%         4
 Fireball                 Conj/Fire      1%         3d3       99%         5
 Irradiate                Conj/Tmut      1%         3d12      99%         5
 Iskenderun's Battlesphe  Conj           3%         2d6       99%         5
 Conjure Ball Lightning   Conj/Air       1%         3x3d6     100%        6
 Malign Gateway           Summ/Tloc      5%         N/A       100%        7
 Orb of Destruction       Conj           1%         9d5       100%        7
 Summon Horrible Things   Summ           1%         N/A       100%        8


Dungeon Overview and Level Annotations

Branches:
Dungeon (5/15)
 Temple: D:4-7

Altars:
Kikubaaqudgha

Annotations:
D:4 Eustachio


Innate Abilities, Weirdness & Mutations

You are too large for most types of armour.
You have tough skin. (AC +1)


Message History

You blink.
The troll closely misses you. The troll claws you but does no damage.
The troll claws you.
Casting: Blink (safe; 3% risk of failure)
Confirm with . or Enter, or press ? or * to list all spells.
You are still too unstable to blink.
Found a scroll labelled UVAROT TUQUYNT.
The troll attacks as it pursues you! The troll barely misses you.
The troll claws you! The troll barely misses you.
The troll attacks as it pursues you! The troll barely misses you.
The troll closely misses you. The troll claws you but does no damage.
You see here 15 gold pieces.
You now have 181 gold pieces (gained 15).
You feel ready to blink again. The troll bites you.
The troll barely misses you. The troll claws you.
Casting: Blink (safe; 3% risk of failure)
Confirm with . or Enter, or press ? or * to list all spells.
You blink.
Okay, then.
Okay, then.
As you read the scroll labelled UVAROT TUQUYNT, it crumbles to dust.
It is a scroll of identify.
b - a potion of attraction It was a potion of cancellation.
You feel magically purged.
The troll barely misses you. x2; The troll claws you but does no damage.
It was a potion of resistance.
You feel protected. The troll bites you! The troll claws you!
The troll barely misses you.
It was a potion of enlightenment.
You feel very buoyant.
You fly up into the air.
The troll bites you!
* * * LOW HITPOINT WARNING * * *
The troll claws you.
* * * LOW HITPOINT WARNING * * *
The troll barely misses you.
It was a potion of degeneration.
There was something very wrong with that liquid.
You feel weakened.
You feel dopey.
You feel clumsy. The troll bites you!
* * * LOW HITPOINT WARNING * * *
The troll claws you.
You die...

..........##
...........#
...........#
.......#.#### ###
.......#..# #.#.##
..>....#.## #...#
.......#..# ###.#
.......#.## #..T#
.......#..# #?#@#
.......#.#.#####.#
.......#.###...#.#
###....#..#..#...#
#..
###....##...###.##
..# # ....)...#####
### ..##. #
....#......# #....
.## ...#...........
...##..#
...#..............#
..#..##


You could see a troll.

Vanquished Creatures
  Sigmund (D:5)
  A scorpion (D:4)
  6 hounds
  An orc priest (D:5)
  Jessica (D:2)
  Natasha (twice) (D:4)
  3 iguanas (D:5)
  An orc wizard (D:4)
  3 gnolls (D:5)
  3 adders
  A white imp (D:5)
  2 worms (D:3)
  4 dart slugs
  6 orcs
  3 ball pythons
  A bat (D:1)
  5 endoplasms
  2 giant cockroaches
  4 goblins
  9 hobgoblins
  7 quokkas
  4 frilled lizards
  5 kobolds
  7 rats
82 creatures vanquished.

Notes
Turn   | Place    | Note
-------+----------+-------------------------------------------
     0 | D:1      | grandjackal the Ogre Warper began the quest for the Orb.
     0 | D:1      | Reached XP level 1. HP: 22/22 MP: 3/3
   145 | D:1      | Found a faded altar of an unknown god.
   175 | D:1      | Reached XP level 2. HP: 29/29 MP: 5/5
   188 | D:1      | Reached skill level 3 in Fighting
   635 | D:1      | Reached XP level 3. HP: 35/37 MP: 7/7
   752 | D:1      | Learned a level 2 spell: Blink
  1104 | D:2      | Noticed Jessica
  1115 | D:2      | Killed Jessica
  1116 | D:2      | Reached XP level 4. HP: 29/48 MP: 8/8
  1465 | D:2      | Learned a level 4 spell: Manifold Assault
  1809 | D:3      | Reached skill level 4 in Fighting
  2071 | D:4      | Found an ancient bone altar of Kikubaaqudgha.
  2106 | D:3      | Reached XP level 5. HP: 24/54 MP: 7/10
  2220 | D:4      | Noticed Eustachio
  2445 | D:4      | Noticed a yak
  2445 | D:4      | Noticed a yak
  2445 | D:4      | Noticed a yak
  2445 | D:4      | Noticed a yak
  2446 | D:4      | Noticed a yak
  2503 | D:5      | Entered Level 5 of the Dungeon
  2700 | D:5      | Reached XP level 6. HP: 54/63 MP: 10/12
  2754 | D:5      | Reached skill level 5 in Fighting
  2864 | D:5      | Noticed Sigmund
  2870 | D:5      | Killed Sigmund
  2871 | D:5      | Reached XP level 7. HP: 67/72 MP: 12/14
  3118 | D:4      | Noticed Natasha
  3122 | D:4      | Killed Natasha
  3275 | D:4      | Reached skill level 6 in Fighting
  3275 | D:4      | Reached skill level 5 in Spellcasting
  3436 | D:4      | Noticed Natasha
  3440 | D:4      | Killed Natasha
  3731 | D:5      | Noticed a troll
  3744 | D:5      | HP: 1/75 [troll (13)]
  3744 | D:5      | Slain by a troll

Illustrated notes

Levels and vault maps discovered:
D:1:      erik_arrival_triangle_large, layout_loops_ring,
          hellmonk_ecumenical_altar_zigzags
D:2:      layout_rooms, uniq_jessica
D:3:      layout_rooms
D:4:      layout_basic, mainiacjoe_overflow_brackets, minmay_misc_feat_ornament,
          uniq_natasha, uniq_eustachio
D:5:      layout_cave_pools, minmay_misc_feat_doors, minmay_small_thing,
          uniq_sigmund

Skill      XL: |  1  2  3  4  5  6  7 |
---------------+----------------------+-----
Fighting       | 3 4 5 6 |  6.1
Maces & Flails | 2 3 4 |  4.1
Translocations | 3 4 |  4.6
Spellcasting   | 3 4 5 |  5.1
Throwing       | |  1.0
Dodging        | |  2.1

Action                     |  1- 3 |  4- 6 |  7- 9 || total
---------------------------+-------+-------+-------++-------
  Melee: Mace              |    94 |   139 |       ||   233
         Punch             |       |     3 |       ||     3
         Flail             |       |    21 |    45 ||    66
   Cast: Blink             |       |     2 |     2 ||     4
    Use: Potion            |       |       |     4 ||     4
         Scroll            |       |       |     1 ||     1
 Armour: Robe              |    63 |   129 |    61 ||   253
  Dodge: Dodged            |    47 |    89 |    46 ||   182

Table legend: (Time is in decaauts)
 A = Elapsed time spent in this place.
 B = Non-inter-level travel time spent in this place.
 C = Inter-level travel time spent in this place.
 D = Time resting spent in this place.
 E = Time spent auto-exploring this place.
 F = Levels seen in this place.
 G = Mean time per level.
                   A        B        C        D        E       F      G
               +--------+--------+--------+--------+--------+-----+--------+
         Total |   3877 |   3791 |     86 |    860 |   1819 |   5 |  775.4 |
       Dungeon |   3877 |   3791 |     86 |    860 |   1819 |   5 |  775.4 |
               +--------+--------+--------+--------+--------+-----+--------+

Top non-repeatable levels by time:
     D:4: 879 daAuts
     D:1: 786 daAuts
     D:3: 740 daAuts
     D:5: 739 daAuts
     D:2: 732 daAuts
